 Dungeon Crawl Stone Soup version 0.19.1-1-g22dce08 (webtiles) character file.

229 galech the Shield-Bearer (level 6, -9/38 HPs)
             Began as a Gargoyle Fighter on Jan 17, 2017.
             Was an Initiate of Okawaru.
             Killed by divine providence
             ... invoked by an orc priest
              (12 damage)
             ... on level 3 of the Dungeon.
             The game lasted 00:05:40 (2594 turns).

galech the Shield-Bearer (Gargoyle Fighter)         Turns: 2594, Time: 00:05:40

Health: -9/38      AC: 10    Str: 20    XL:     6   Next: 3%
Magic:  6/6        EV:  9    Int:  8    God:    Okawaru [......]
Gold:   155        SH:  9    Dex: 11    Spells: 0 memorised, 5 levels left

rFire  . . .     SeeInvis .     x - +0 flail
rCold  . . .     Gourm    .     e - +1 leather armour {MR+}
rNeg   + . .     Faith    .     c - +0 shield
rPois  ∞         Spirit   .     l - +0 helmet (curse)
rElec  +         Reflect  .     (no cloak)
rCorr  .         Harm     .     (no gloves)
MR     +....                    (no boots)
Stlth  +.........               (no amulet)
                                (no ring)
                                m - ring of wizardry

@: no status effects
A: negative energy resistance 1, electricity resistance, unbreathing,
petrification resistance, rot immunity, AC +4
a: Renounce Religion


You were on level 3 of the Dungeon.
You worshipped Okawaru.
Okawaru was noncommittal.
You were not hungry.

You visited 1 branch of the dungeon, and saw 3 of its levels.

You collected 155 gold pieces.

Inventory:

Hand Weapons
 a - a +0 flail
 x - a +0 flail (weapon)
Armour
 c - a +0 shield (worn)
 e - a +1 leather armour of magic resistance (worn)
 l - a cursed +0 helmet (worn)
Jewellery
 m - a ring of wizardry (left hand)
 r - a +6 ring of evasion {unknown}
 u - an uncursed amulet of guardian spirit {unknown}
Wands
 y - a wand of disintegration (16/24)
Scrolls
 g - 8 scrolls of identify {unknown}
 h - 3 scrolls of remove curse {unknown}
 k - a scroll of recharging {unknown}
 p - a scroll of random uselessness {unknown}
 s - a scroll of enchant weapon {unknown}
Potions
 b - a potion of degeneration {unknown}
 d - 2 potions of might
 i - 2 potions of brilliance {unknown}
 j - a potion of magic {unknown}
 o - a potion of curing {unknown}
 q - a potion of agility {unknown}
 t - a potion of cancellation {unknown}
 v - 2 potions of heal wounds {unknown}
Comestibles
 f - 2 bread rations
 n - a meat ration
 w - 9 chunks of flesh


   Skills:
 + Level 4.0 Fighting
 + Level 4.2 Maces & Flails
 + Level 3.5 Armour
 + Level 1.2 Dodging
 + Level 1.3 Stealth
 + Level 4.4 Shields


You had 5 spell levels left.
You didn't know any spells.

Dungeon Overview and Level Annotations

Branches:
Dungeon (3/15)

Altars:
Ashenzari
Makhleb
Okawaru
Trog


Innate Abilities, Weirdness & Mutations

You are resistant to torment.
Your stone body is resilient. (AC +4)
You are immune to poison.
You resist negative energy. (rN+)
You are resistant to electric shocks. (rElec)
You can survive without breathing.
You are immune to petrification.
You are immune to rotting.


Message History

You sock the orc priest!
The orc priest is heavily wounded.
The orc priest hits you but does no damage.
You barely miss the orc priest.
The orc priest is heavily wounded.
The orc priest barely misses you.
The orc priest invokes the aid of Beogh against you.
Beogh smites you!
* * * LOW HITPOINT WARNING * * *
An orc comes into view.
It is wielding a hand axe of electrocution.
The orc priest looks encouraged for a moment.
An orc comes into view. It is wielding a flail.
The orc priest calls down the wrath of Beogh upon you.
You resist with some effort.
The orc priest looks braver for a moment.
Some of the chunks of flesh in your inventory have rotted away.
You open the door.
The orc priest invokes the aid of Beogh against you.
Beogh smites you!
You die...

#.(.....<..)##..#.
#............##.).
##....#.......##.#
#....#........###
######.####....########.#..
...............'...........
#o.....####....###......#.)
#o## ######....###.######.#
#.# #.o..@......#.# #...
#o# #o####....#.#.# #...
#.# #.#.........#.#####...
#.####o#.#.###.#...........
##......#.#. #.#....####...
#.........# #.#....# #...
#.######### #.+....# #.÷.
#.....#.. ###....# #...
###..##.# #....# #...


You could see 2 orc priests.

Vanquished Creatures
  2 orc priests
  A hound (D:3)
  An orc wizard (D:3)
  An adder (D:2)
  An ooze (D:2)
  6 worms
  A dart slug (D:3)
  2 leopard geckos
  7 orcs
  7 bats
  3 giant cockroaches
  10 goblins
  7 hobgoblins
  5 jackals
  3 quokkas (D:2)
  7 frilled lizards
  7 kobolds
  9 rats
80 creatures vanquished.

Notes
Turn   | Place    | Note
-------+----------+-------------------------------------------
     0 | D:1      | galech the Gargoyle Fighter began the quest for the Orb.
     0 | D:1      | Reached XP level 1. HP: 14/14 MP: 1/1
   394 | D:1      | Reached XP level 2. HP: 19/19 MP: 2/2
   864 | D:2      | Reached XP level 3. HP: 23/24 MP: 3/3
  1187 | D:2      | Reached XP level 4. HP: 19/29 MP: 4/4
  1278 | D:2      | Found a faded altar of an unknown god.
  1308 | D:2      | Found a shattered altar of Ashenzari.
  1406 | D:2      | Noticed a moth of wrath
  1409 | D:2      | Found a bloodstained altar of Trog.
  1700 | D:3      | Found a burning altar of Makhleb.
  1729 | D:3      | Reached XP level 5. HP: 28/33 MP: 5/5
  2147 | D:2      | Reached skill level 1 in Dodging
  2271 | D:2      | Reached skill level 1 in Stealth
  2409 | D:3      | Found an iron altar of Okawaru.
  2412 | D:3      | Became a worshipper of Warmaster Okawaru
  2546 | D:3      | Reached XP level 6. HP: 33/38 MP: 6/6
  2579 | D:3      | HP: 1/38 [orc priest/divine providence (7)]
  2594 | D:3      | Killed from afar by an orc priest

Skill      XL: |  1  2  3  4  5 |
---------------+----------------+-----
Maces & Flails | 3 4 |  4.2
Shields        | 4 |  4.4
Dodging        | 1 |  1.2
Stealth        | 1 |  1.3
Fighting       | 4 |  4.0
Armour         | |  3.5

Action                   |  1- 3 |  4- 6 || total
-------------------------+-------+-------++-------
Melee: Flail             |   145 |   169 ||   314
 Stab: Sleeping          |       |     1 ||     1
       Distracted        |       |     1 ||     1
  Eat: Chunk             |     1 |     5 ||     6
Armor: Leather armour    |    72 |    79 ||   151
       Scale mail        |     3 |       ||     3
Dodge: Dodged            |    71 |    74 ||   145
Block: Shield            |   109 |   104 ||   213
